 Dungeon Crawl Stone Soup version 0.29.1-13-g9f3cf754e1 (webtiles) character file.

Game seed: 13268359453825769368

262 Exodus22XD the Chopper (level 5, 0/47 HPs)
             Began as a Minotaur Fighter on Feb 3, 2023.
             Was a Believer of Nemelex Xobeh.
             Slain by a gnoll
             ... wielding a +0 spear
             ... led by a gnoll bouda
              (5 damage)
             ... on level 4 of the Dungeon.
             The game lasted 00:03:03 (2178 turns).

Exodus22XD the Chopper (Minotaur Fighter)           Turns: 2178, Time: 00:03:04

Health: 0/47       AC:  8    Str: 22    XL:     5   Next: 97%
Magic:  5/5        EV:  9    Int:  5    God:    Nemelex Xobeh [**....]
Gold:   159        SH:  4    Dex: 10    Spells: 4/4 levels left

rFire   . . .      SeeInvis .   a - +0 war axe
rCold   . . .      Faith    .   c - +0 buckler
rNeg    . . .      Spirit   .   b - +0 scale mail
rPois   .          Reflect  .   (helmet restricted)
rElec   .          Harm     .   (no cloak)
rCorr   .          Rampage  .   n - +0 pair of gloves
Will    .....                   (no boots)
Stlth   ..........              (no amulet)
HPRegen 0.15/turn               (no ring)
MPRegen 0.09/turn               (no ring)

@: no status effects
A: horns 2, retaliatory headbutt
a: Renounce Religion, Draw Escape, Draw Destruction, Draw Summoning


You were on level 4 of the Dungeon.
You worshipped Nemelex Xobeh.
Nemelex Xobeh was pleased with you.
You visited 1 branch of the dungeon, and saw 5 of its levels.

You collected 159 gold pieces.

Inventory:

Hand Weapons
 a - a +0 war axe (weapon)
 q - a +0 morningstar
Armour
 b - a +0 scale mail (worn)
 c - a +0 buckler (worn)
 n - a +0 pair of gloves (worn)
Jewellery
 p - a +6 ring of dexterity
 s - a +6 ring of intelligence
Scrolls
 e - a scroll of immolation {unknown}
 f - a scroll of torment {unknown}
 g - 2 scrolls of butterflies {unknown}
 j - 2 scrolls of poison {unknown}
 l - 3 scrolls of identify {unknown}
 m - a scroll of fear {unknown}
 r - a scroll of silence {unknown}
 t - a scroll of vulnerability {unknown}
Potions
 d - a potion of might
 h - 2 potions of cancellation {unknown}
 i - 2 potions of curing {unknown}
 k - a potion of degeneration {unknown}
 o - a potion of mutation {unknown}


   Skills:
 + Level 4.4 Fighting
 + Level 5.4 Axes
 + Level 4.5 Armour
 + Level 1.1 Dodging
 + Level 4.1 Shields
 * Level 1.7 Invocations


You had 4 spell levels left.
You didn't know any spells.
Your spell library was empty.

Dungeon Overview and Level Annotations

Branches:
Dungeon (5/15)             Temple (0/1) D:4

Altars:
Nemelex Xobeh

Shops:
D:1 *[


Innate Abilities, Weirdness & Mutations

You have a pair of horns on your head.
You reflexively headbutt those who attack you in melee.


Message History

* * * LOW HITPOINT WARNING * * *
You hit the gnoll bouda.
The gnoll bouda is heavily wounded.
The gnoll is no longer moving quickly.
The gnoll hits you but does no damage. The gnoll bouda completely misses you.
You furiously retaliate!
You headbutt the gnoll bouda, but do no damage.
You closely miss the gnoll bouda.
The gnoll bouda is heavily wounded.
Your attacks no longer feel as feeble.
The gnoll hits you but does no damage.
The gnoll bouda barks out a call to the hunt!
The gnoll picks up the pace!
The gnoll barely misses you.
You draw a card...
You have drawn Pain.
Press: ? - help, Shift-Dir - straight line, f - gnoll bouda
Aim: a gnoll bouda, wielding a +0 whip and wearing a +0 robe (heavily wounded)
The gnoll bouda convulses!
The gnoll bouda hits you but does no damage.
The gnoll barely misses you.
Okay, then.
You hit the gnoll bouda but do no damage.
Your headbutt misses the gnoll bouda.
The gnoll bouda is severely wounded.
You block the gnoll bouda's attack.
The gnoll hits you from afar with a +0 spear.
* * * LOW HITPOINT WARNING * * *
The gnoll bouda hits you with a +0 whip.
* * * LOW HITPOINT WARNING * * *
You draw a card...
You have drawn Wild Magic.
The air around the gnoll bouda burns with energy.
The gnoll shivers with cold.
The gnoll is drained!
You feel a surge of magic. The gnoll hits you but does no damage.
The gnoll bouda completely misses you. You furiously retaliate!
You headbutt the gnoll bouda.
Unknown command.
You hit the gnoll bouda but do no damage.
The gnoll bouda is almost dead.
The gnoll hits you from afar with a +0 spear.
You die...
Your body disappears without a glow.

..... #....### ##......#
........# ......# #..g.#
...#..)g# #####
#....)@######### #....
................####...<
.##.............'..+....
######........####....
#........# #....
#........####....
#........†.......
#...#....###
####...#.†.......
#...#.#....##
#...#.........


You could see a gnoll bouda and a gnoll (swift, very drained).

Vanquished Creatures
  A howler monkey (D:4)
  2 hounds
  4 gnolls (D:4)
  4 adders
  A worm (D:3)
  3 dart slugs
  2 orcs
  9 endoplasms
  3 giant cockroaches
  6 goblins
  6 hobgoblins
  4 jackals (D:4)
  5 kobolds
  3 quokkas
  6 ball pythons
  10 bats
  A frilled lizard (D:3)
  11 rats
81 creatures vanquished.

Notes
Turn   | Place    | Note
-------+----------+-------------------------------------------
     0 | D:1      | Exodus22XD the Minotaur Fighter began the quest for the
                  | Orb.
     0 | D:1      | Reached XP level 1. HP: 19/19 MP: 0/0
    33 | D:1      | Reached skill level 3 in Axes
    33 | D:1      | Reached XP level 2. HP: 23/27 MP: 1/1
   242 | D:1      | Found a faded altar of an unknown god.
   250 | D:1      | Prayed at the altar of an unknown god.
   250 | D:1      | Became a worshipper of Nemelex Xobeh the Trickster
   250 | D:1      | Reached * piety under Nemelex Xobeh
   369 | D:1      | Reached XP level 3. HP: 33/33 MP: 2/2
   489 | D:1      | Found Fazuibe's Antique Armour Emporium.
   499 | D:1      | Found Tuhan's General Store.
   647 | D:2      | Reached skill level 4 in Axes
   834 | D:2      | Reached XP level 4. HP: 40/40 MP: 3/3
   890 | D:2      | Received a gift from Nemelex Xobeh
  1352 | D:3      | Reached ** piety under Nemelex Xobeh
  1812 | D:4      | You fall into a shaft and drop 1 floor!
  1812 | D:5      | Entered Level 5 of the Dungeon
  1875 | D:5      | Reached XP level 5. HP: 33/46 MP: 4/4
  1882 | D:4      | Found a staircase to the Ecumenical Temple.
  1888 | D:4      | Reached skill level 1 in Invocations
  1919 | D:4      | Reached skill level 5 in Axes
  2007 | D:4      | Reached skill level 1 in Dodging
  2178 | D:4      | Slain by a gnoll

Illustrated notes

Levels and vault maps discovered:
D:1:      reono_arrival_forest_river, layout_rooms,
          hellmonk_ecumenical_altar_slurped_away, serial_glass, glass_columns_a,
          glass_columns_b, serial_shops, nicolae_shop_window_shopping, shop
D:2:      layout_loops_ring
D:3:      layout_basic
D:4:      layout_basic, minmay_temple_entry_glass
D:5:      layout_layer_cave, minmay_misc_feat_rows, nicolae_inconvenience_store,
          uniq_edmund, uniq_menkaure, uniq_blork_the_orc

Skill      XL: |  1  2  3  4  5 |
---------------+----------------+-----
Axes           | 3 4 5 |  5.4
Armour         | 4 |  4.5
Fighting       | 4 |  4.4
Shields        | 4 |  4.1
Invocations    | 1 |  1.7
Dodging        | 1 |  1.1

Action                   |  1- 3 |  4- 6 || total
-------------------------+-------+-------++-------
Melee: War axe           |    61 |    97 ||   158
       Headbutt          |     5 |    16 ||    21
Invok: Draw Destruction  |       |     2 ||     2
Armor: Scale mail        |    42 |    53 ||    95
Dodge: Dodged            |    32 |    69 ||   101
Block: Buckler           |    10 |    25 ||    35
